Map: Neon Violet Square LE

Players

Dear - Winner!

  • Race: Protoss Protoss
  • Spawn Location: 11:00

Classic

  • Race: Protoss Protoss
  • Spawn Location: 5:00

Event: IEM Season 12 - Katowice

VOD

Have the link to the VOD?

Description

Time

  • Played on: March 3, 2018, 1:28 p.m.
  • Length: 9:14

All games in this series

Show
View Real Time Build Order
Export as new Build Order

Dear Protoss - Winner!

Build Orders: Oracle Opening 

Get SALT Encoding   

  12  0:00  Probe  
  13  0:12  Probe  
  14  0:17  Pylon  
  14  0:24  Probe (Chrono Boost)  
  15  0:36  Probe (Chrono Boost)  
  15  0:38  Gateway  
  16  0:45  Probe (Chrono Boost)  
  16  0:47  Assimilator  
  17  0:51  Probe  
  17  0:56  Assimilator  
  18  1:03  Probe (Chrono Boost)  
  19  1:09  Gateway  
  19  1:14  Probe (Chrono Boost)  
  20  1:19  Probe (Chrono Boost)  
  21  1:26  Cybernetics Core  
  21  1:29  Probe  
  22  1:36  Pylon  
  22  1:41  Probe  
  23  1:54  Probe  
  23  1:57  Warp Gate (Chrono Boost)  
  24  2:04  Stalker x2  
  28  2:13  Pylon  
  28  2:33  Stalker  
  28  2:34  Stalker  
  32  2:40  Stargate  
  32  2:51  Gateway  
  32  3:04  Stalker x2  
  38  3:32  Pylon  
  38  3:40  Oracle  
  39  3:52  Adept x2  
  39  3:55  Pylon, Sentry  
  45  4:03  Pylon  
  45  4:05  Shield Battery  
  47  4:35  Pylon  
  46  4:44  Oracle (Chrono Boost)  
  46  4:50  Pylon  
  45  5:02  Probe  
  45  5:03  Pylon  
  44  5:14  Zealot  
  46  5:19  Probe  
  47  5:21  Oracle (Chrono Boost)  
  50  5:31  Probe  
  51  5:40  Pylon  
  51  5:46  Pylon  
  51  5:51  Pylon  
  49  6:04  Oracle  
  49  6:05  Shield Battery  
  49  6:06  Sentry  
  52  6:23  Zealot  
  50  6:32  Stalker  
  50  6:44  Stalker x2  
  54  6:52  Pylon  
  54  6:57  Stalker  
  53  7:09  Stalker  
  53  7:10  Stalker  
  55  7:25  Oracle (Chrono Boost)  
  57  7:32  Pylon  
  56  8:00  Nexus  
  56  8:01  Probe  
  52  8:13  Probe (Chrono Boost)  
  53  8:23  Robotics Facility  
  53  8:25  Probe (Chrono Boost)  
  55  8:34  Probe (Chrono Boost)  
  55  8:37  Sentry x2  
  55  8:40  Probe  
  60  8:59  Stalker  
  56  9:03  Zealot  
Show
View Real Time Build Order
Export as new Build Order

Classic Protoss 

Build Orders: Dark Templar Rush 

Get SALT Encoding   

  12  0:00  Probe  
  13  0:12  Probe  
  14  0:17  Pylon  
  14  0:25  Probe  
  15  0:35  Gateway  
  15  0:37  Probe (Chrono Boost)  
  16  0:47  Probe (Chrono Boost), Assimilator  
  17  0:52  Probe (Chrono Boost)  
  17  0:55  Assimilator  
  19  1:04  Probe (Chrono Boost)  
  19  1:11  Probe (Chrono Boost)  
  20  1:13  Gateway  
  20  1:18  Probe  
  21  1:26  Cybernetics Core  
  21  1:30  Probe  
  22  1:36  Pylon  
  22  1:42  Probe  
  23  1:54  Probe  
  23  1:57  Warp Gate (Chrono Boost)  
  24  2:02  Stalker  
  24  2:05  Stalker  
  28  2:13  Pylon  
  28  2:23  Twilight Council  
  28  2:34  Stalker  
  30  2:38  Stalker  
  32  3:00  Dark Shrine  
  32  3:02  Gateway  
  32  3:07  Gateway  
  32  3:16  Shield Battery  
  32  3:28  Pylon  
  32  3:46  Stalker x2  
  36  3:58  Stalker  
  38  4:06  Pylon  
  38  4:14  Gateway  
  38  4:17  Dark Templar  
  38  4:18  Dark Templar  
  42  4:26  Stalker  
  44  4:47  Dark Templar  
  46  4:56  Pylon  
  46  4:57  Shield Battery  
  46  5:02  Dark Templar  
  44  5:24  Shield Battery  
  44  5:26  Nexus, Dark Templar  
  44  5:35  Stalker  
  44  5:59  Pylon  
  44  6:00  Dark Templar  
  44  6:05  Probe  
  44  6:10  Zealot  
  44  6:11  Zealot x2  
  51  6:17  Probe  
  44  6:34  Probe  
  44  6:35  Dark Templar  
  48  6:46  Dark Templar  
  50  6:50  Probe  
  50  6:57  Stalker  
  42  7:09  Stalker  
  36  7:37  Stalker  
  38  7:52  Zealot x2  
  38  7:56  Pylon  
  43  8:16  Stalker x3  
  43  8:19  Stalker  
  47  8:35  Stalker x2  
  51  8:45  Stalker  

Tags
 
Add a new tag
Caveats
  • Supply blocks, unpowered buildings, or Contaminate may cause inaccurate times.
  • Supply counts are checked every 10 seconds.